 Dungeon Crawl Stone Soup version 0.20-b1 (webtiles) character file.

2555 Zwobot the Destroyer (level 9, -1/69 HPs)
             Began as a Barachi Fire Elementalist on May 18, 2017.
             Slain by an unseen horror (8 damage)
             ... on level 6 of the Dungeon.
             The game lasted 00:26:12 (7682 turns).

Zwobot the Destroyer (Barachi Fire Elementalist)    Turns: 7682, Time: 00:26:13

Health: -1/69      AC:  4    Str: 15    XL:     9   Next: 56%
Magic:  2/17       EV: 12    Int: 24    God:
Gold:   284        SH:  5    Dex: 12    Spells: 9/19 levels left

rFire    . . .     SeeInvis .   a - +2 trident (protect)
rCold    . . .     Gourm    .   J - +2 buckler
rNeg     . . .     Faith    .   i - +0 leather armour
rPois    .         Spirit   .   w - +0 helmet
rElec    .         Reflect  .   (no cloak)
rCorr    .         Harm     .   (no gloves)
MR       .....                  (no boots)
Stlth    ++........             (no amulet)
Regen    0.3/turn               I - ring of wizardry
MPRegen  0.2/turn               O - +1 ring of evasion

@: mighty, brilliant, very slightly contaminated, slow
A: +LOS, swims, slowness 1, strong legs 1
a: Hop


You were on level 6 of the Dungeon.
You were not hungry.

You visited 1 branch of the dungeon, and saw 6 of its levels.
You also visited: Sewer.

You collected 284 gold pieces.

Inventory:

Hand Weapons
 a - a +2 trident of protection (weapon)
 n - a +0 dagger of speed
 q - a +0 blowgun
 s - a +0 halberd
 u - a +2 whip of flaming
 v - a cursed +0 hunting sling
 B - a +0 quarterstaff
Missiles
 f - 160 stones (quivered)
 z - 46 poisoned needles
 X - a throwing net
Armour
 i - a +0 leather armour (worn)
 w - a +0 helmet (worn)
 y - a +0 robe of cold resistance
 J - a +2 buckler (worn)
Jewellery
 d - a cursed ring of wizardry
 I - a ring of wizardry (left hand)
 O - a +1 ring of evasion (right hand)
 V - an uncursed ring of flight
Wands
 C - a wand of random effects (40/48)
 M - a wand of scattershot (2/9)
 Q - a wand of acid (3/15)
 U - a wand of confusion (33/48)
Scrolls
 h - 3 scrolls of remove curse
 o - 2 scrolls of amnesia {unknown}
 r - 2 scrolls of enchant weapon {unknown}
 A - 2 scrolls of teleportation {unknown}
 F - 2 scrolls of magic mapping {unknown}
 G - 2 scrolls of enchant armour {unknown}
 P - a scroll of blinking {unknown}
 R - a scroll of immolation {unknown}
 T - a scroll of summoning {unknown}
 W - a scroll of recharging {unknown}
Potions
 l - a potion of resistance
 m - a potion of brilliance
 x - a potion of berserk rage {unknown}
 D - 5 potions of curing
 E - 2 potions of might
 H - a potion of flight {unknown}
 K - a potion of lignification {unknown}
 N - 2 potions of agility {unknown}
Books
 b - a book of Flames

   Spells                             Type                      Level
   a - Flame Tongue                   Conjuration/Fire             1
   b - Throw Flame                    Conjuration/Fire             2
   c - Conjure Flame                  Conjuration/Fire             3
   d - Inner Flame                    Hexes/Fire                   3
   e - Sticky Flame                   Conjuration/Fire             4
   f - Fireball                       Conjuration/Fire             5
 S - a book of Callings

   Spells                             Type                      Level
   a - Summon Small Mammal            Summoning                    1
   b - Call Imp                       Summoning                    2
   c - Call Canine Familiar           Summoning                    3
   d - Summon Guardian Golem          Hexes/Summoning              3
   e - Summon Lightning Spire         Summoning/Air                4
   f - Summon Ice Beast               Ice/Summoning                4
Comestibles
 c - 5 bread rations
 g - a chunk of flesh
 L - a meat ration


   Skills:
 * Level 6.0 Fighting
 - Level 2.1 Dodging
 - Level 1.7 Stealth
 + Level 5.7 Spellcasting
 * Level 8.3 Conjurations
 * Level 8.2 Fire Magic


You had 9 spell levels left.
You knew the following spells:

 Your Spells              Type           Power        Failure   Level  Hunger
a - Flame Tongue          Conj/Fire      #####        1%          1    None
b - Conjure Flame         Conj/Fire      ######..     1%          3    #......
c - Sticky Flame          Conj/Fire      ######..     1%          4    ###....
d - Throw Flame           Conj/Fire      ######       1%          2    None


Dungeon Overview and Level Annotations

Branches:
Dungeon (6/15)
 Temple: D:4-7

Altars:
Gozag

Shops:
D:6 (!(

Annotations:
D:2 Natasha, Sigmund


Innate Abilities, Weirdness & Mutations

Shadows flee at your approach. (+LOS)
You can swim through water.
You cover ground slowly.
You can hop short distances.


Message History

Casting: Throw Flame
Confirm with . or Enter, or press ? or * to list all spells.
Aiming: Sticky Flame
Press: ? - help, Shift-Dir - straight line You miscast Sticky Flame.
You are very lightly contaminated with residual magic.
Nothing appears to happen.
Something hits you but does no damage. Something hits you!
* * * LOW HITPOINT WARNING * * *
It was a potion of brilliance.
You feel clever all of a sudden. You block something's attack.
It was a potion of might.
You feel very mighty all of a sudden. Something hits you.
* * * LOW HITPOINT WARNING * * *
Something hits you.
* * * LOW HITPOINT WARNING * * *
It was a potion of curing.
You feel better. Something hits you!
You die...

###### .# #. ##.####
### #.....# #.. #.##).#
#.# ### #.##.## #.# ..#
####.#..# ##### #.#
#.## #.....#.#####...#
#.# ...#
#.##.#..§.@.....# #.#
#..####.#...#######...#
#.# .............#
##.## #.###
#..######...## ##)##
#.... ...# ##.## #...#
##.## ..## #.# #.#.###
#.## ### #.#
#...#...######.## #
##'## #.###.8..∩..8..##
# ##...## #..
#....####..##


There were no monsters in sight!

Vanquished Creatures
  2 two-headed ogres
  2 ogres
  2 scorpions
  5 wights (D:6)
  A howler monkey (D:5)
  A crimson imp (D:6)
  An orc priest (D:5)
  2 hounds
  2 orc wizards
  Jessica (D:3)
  2 worker ants
  Robin (D:2)
  7 gnolls
  A howler monkey skeleton (D:6)
  17 adders
  6 river rats (Sewer)
  3 shadow imps
  5 oozes
  3 worms
  A dart slug (D:2)
  9 leopard geckos
  9 orcs
  6 ball pythons
  8 giant cockroaches
  19 goblins
  7 hobgoblins
  2 quokkas
  9 bats
  4 frilled lizards
  21 kobolds
  A leopard gecko skeleton (D:4)
  23 rats
183 creatures vanquished.

Notes
Turn   | Place    | Note
-------+----------+-------------------------------------------
     0 | D:1      | Zwobot the Barachi Fire Elementalist began the quest for the Orb.
     0 | D:1      | Reached XP level 1. HP: 13/13 MP: 3/3
   129 | D:1      | Reached XP level 2. HP: 18/19 MP: 0/5
  1009 | D:1      | Reached XP level 3. HP: 24/24 MP: 3/6
  1089 | D:2      | Learned a level 3 spell: Conjure Flame
  1117 | D:2      | Noticed Natasha
  1131 | D:2      | Noticed Robin
  1628 | D:2      | Reached XP level 4. HP: 30/30 MP: 0/8
  1712 | D:2      | Learned a level 4 spell: Sticky Flame
  2173 | D:2      | Reached XP level 5. HP: 31/35 MP: 0/9
  2492 | D:2      | Learned a level 2 spell: Throw Flame
  2629 | D:2      | Noticed Sigmund
  2851 | D:2      | Killed Robin
  3463 | D:3      | Noticed Jessica
  3587 | D:3      | Killed Jessica
  3589 | D:3      | Reached XP level 6. HP: 41/41 MP: 5/11
  3608 | D:3      | Found a glowing drain.
  3645 | Sewer    | Entered a sewer
  4062 | Sewer    | Reached skill level 5 in Conjurations
  5405 | D:4      | Reached skill level 5 in Fire Magic
  5405 | D:4      | Reached XP level 7. HP: 46/46 MP: 5/12
  6169 | D:5      | Entered Level 5 of the Dungeon
  6287 | D:5      | Reached skill level 1 in Fighting
  6459 | D:5      | Noticed a two-headed ogre
  6465 | D:5      | Killed a two-headed ogre
  6465 | D:5      | Reached XP level 8. HP: 60/60 MP: 5/15
  6583 | D:5      | Found an opulent altar of Gozag.
  6683 | D:5      | Reached skill level 5 in Spellcasting
  7166 | D:6      | Reached XP level 9. HP: 65/66 MP: 5/16
  7220 | D:6      | Found Ziskex's Weapon Emporium.
  7281 | D:6      | Found Umpocupp's Distillery.
  7334 | D:6      | Found Biokhug's Antique Weapon Boutique.
  7479 | D:6      | Reached skill level 5 in Fighting
  7604 | D:6      | Noticed a two-headed ogre
  7613 | D:6      | Killed a two-headed ogre
  7681 | D:6      | HP: 1/69 [something (6)]
  7682 | D:6      | Slain by an unseen horror

Skill      XL: |  1  2  3  4  5  6  7  8  9 |
---------------+----------------------------+-----
Conjurations   | 2 3 4 5 7 8 |  8.3
Spellcasting   | 3 4 5 |  5.7
Fire Magic     | 4 5 7 8 |  8.2
Fighting       | 3 4 6 |  6.0
Dodging        | |  2.1
Stealth        | |  1.7

Action                   |  1- 3 |  4- 6 |  7- 9 || total
-------------------------+-------+-------+-------++-------
Melee: Whip              |    36 |    69 |     5 ||   110
       Dagger            |     5 |    13 |       ||    18
       Spear             |       |    32 |       ||    32
       Quarterstaff      |       |    49 |       ||    49
       Halberd           |       |    19 |       ||    19
       Trident           |       |       |    77 ||    77
Throw: Stone             |       |     2 |       ||     2
 Cast: Flame Tongue      |    52 |   139 |    90 ||   281
       Conjure Flame     |     2 |     9 |    15 ||    26
       Sticky Flame      |       |     1 |     1 ||     2
       Throw Flame       |       |       |     8 ||     8
Evoke: Wand              |       |       |     2 ||     2
  Use: Scroll            |       |     4 |       ||     4
       Potion            |       |       |     8 ||     8
 Stab: Sleeping          |       |     2 |     3 ||     5
  Eat: Chunk             |     3 |     9 |     9 ||    21
       Bread ration      |       |     1 |       ||     1
       Royal jelly       |       |     1 |       ||     1
Armor: Robe              |    15 |    23 |    14 ||    52
       Leather armour    |       |    37 |    20 ||    57
Dodge: Dodged            |    37 |   169 |    59 ||   265
Block: Buckler           |       |       |    15 ||    15
